AoeStats
← AIDOS

Arena

509844010Analyzed
4v4 RM · 5d ago on Sep 28, 2026· 61m 49s· 8 players
Game mode
Random Map
Map size
Large (8 player)
Population
200
Speed
Normal
Resources
Standard
Victory
Conquest
Starting age
Dark Age
Ending age
Imperial Age
RankedLock teamsTeams togetherTeam positionsShared explorationLock speedFull tech treeHidden civsTurbo modeCheats
Victory
Defeat
🇮🇳 Britons · India
915
+7
🇳🇿 Saxons · New Zealand
854
+9
🇳🇿 Sicilians · New Zealand
845
+9
🇳🇿 Spanish · New Zealand
691
+16
🇩🇪 Danes · Germany
767
-13
🇦🇺 Portuguese · Australia
743
-30
🇹🇼 Inca · Taiwan
659
-9
🇻🇳 Spanish · Vietnam
598
-7
J1un8
10:58 Feudal Age
12:57 Double-Bit Axe
12:53 Horse Collar
20:08 Castle Age
20:12 Scale Mail Armor
20:23 Forging
20:13 Stone Mining
22:37 Heavy Plow
22:48 Bow Saw
22:30 Gold Mining
23:03 Pikeman
25:58 Stone Shaft Mining
26:19 Gold Shaft Mining
28:18 Elite Skirmisher
31:03 Chain Mail Armor
31:24 Iron Casting
34:17 Imperial Age
32:23 Wheelbarrow
32:28 Chain Mail Armor
32:49 Squires
32:35 Arson
35:35 Halberdier
37:02 Hand Cart
36:34 Town Watch
36:26 Elite Kamayuk
38:58 Crop Rotation
39:02 Ballistics
38:56 Fortified Wall
39:47 Chemistry
38:28 Treadmill Crane
38:45 Murder Holes
39:25 Plate Mail Armor
39:31 Iron Casting
38:46 Fletching
38:57 Padded Archer Armor
40:04 Fabric Shields
44:54 Blast Furnace
43:50 Bodkin Arrow
44:11 Leather Archer Armor
43:59 Town Patrol
49:13 Bracer
49:43 Ring Archer Armor
49:29 Masonry
49:27 Siege Engineers
Tie
10:15 Feudal Age
11:00 Double-Bit Axe
13:35 Stone Mining
19:57 Castle Age
19:12 Horse Collar
19:25 Gold Mining
23:34 Wheelbarrow
24:29 Fletching
24:44 Padded Archer Armor
26:09 Fortified Wall
26:59 Bow Saw
29:04 Heavy Plow
30:49 Hand Cart
31:57 Fletching
32:24 Leather Archer Armor
32:48 Stone Shaft Mining
32:44 Bodkin Arrow
33:54 Loom
37:32 Imperial Age
37:42 Elite Conquistador
38:58 Ring Archer Armor
38:24 Bodkin Arrow
39:36 Chemistry
40:06 Masonry
40:22 Bracer
44:50 Husbandry
49:57 Caravan
AIDOS
12:02 Feudal Age
12:42 Horse Collar
12:59 Stone Mining
13:01 Gold Mining
12:57 Double-Bit Axe
18:32 Wheelbarrow
22:02 Man-at-Arms
26:37 Castle Age
27:27 Bloodlines
27:18 Husbandry
28:21 Caravan
28:46 Long Swordsman
29:12 Gambesons
29:12 Arson
34:11 Bow Saw
38:18 Imperial Age
36:04 Crossbowman
36:05 Elite Skirmisher
39:56 Hand Cart
39:27 Town Watch
39:28 Loom
41:37 Stone Shaft Mining
43:07 Cavalier
56:05 Arbalester
Woischlauch
2:13 Loom
11:19 Feudal Age
11:56 Double-Bit Axe
12:06 Horse Collar
13:28 Arson
20:25 Castle Age
18:42 Gold Mining
19:06 Stone Mining
21:15 Forging
22:46 Heavy Plow
22:59 Bow Saw
22:59 Squires
22:56 Fletching
23:10 Pikeman
24:55 Murder Holes
25:59 Scale Mail Armor
31:34 Wheelbarrow
33:55 Imperial Age
32:01 Town Watch
33:03 Ballistics
35:26 Hand Cart
34:40 Elite Varangian Guard
35:45 Caravan
38:30 Northmen's Fury
40:21 Hoardings
40:09 Onager
41:16 Conscription
42:16 Iron Casting
43:20 Siege Onager
49:01 Chain Mail Armor
49:46 Blast Furnace
50:00 Hamask
54:47 Plate Mail Armor
Black Wolf
10:43 Feudal Age
11:46 Loom
15:16 Castle Age
14:49 Loom
16:52 Double-Bit Axe
21:55 Horse Collar
23:21 Heavy Plow
23:48 Gold Mining
25:38 Wheelbarrow
25:39 Fletching
26:06 Bow Saw
25:57 Crossbowman
26:56 Padded Archer Armor
28:42 Hand Cart
28:15 Town Watch
29:43 Gold Shaft Mining
29:02 Stone Mining
29:29 Bodkin Arrow
29:49 Leather Archer Armor
30:02 Gambesons
30:19 Squires
29:40 Pikeman
30:46 Arson
31:36 Town Patrol
32:28 Yeomen
32:58 Ballistics
36:14 Imperial Age
35:02 Forging
34:52 Scale Mail Armor
36:26 Iron Casting
36:41 Halberdier
37:26 Bracer
37:57 Ring Archer Armor
37:56 Conscription
37:54 Guilds
38:52 Chemistry
37:58 Siege Engineers
38:09 Arbalester
39:54 Blast Furnace
41:20 Onager
46:51 Hoardings
46:17 Warwolf
47:38 Chain Mail Armor
48:44 Heavy Scorpion
50:17 Elite Longbowman
58:43 Two-Man Saw
62:09 Scale Barding Armor
therealmikehunt
0:28 Loom
11:12 Feudal Age
15:26 Horse Collar
17:00 Arson
19:24 Scale Mail Armor
26:47 Castle Age
27:12 Double-Bit Axe
28:25 Elite Skirmisher
29:20 Padded Archer Armor
29:11 Fletching
29:54 Gold Mining
31:16 Wheelbarrow
33:11 Caravan
35:14 Bow Saw
41:09 Imperial Age
41:59 Heavy Plow
45:48 Chemistry
44:46 Murder Holes
45:03 Masonry
46:49 Husbandry
47:00 Bloodlines
46:10 Light Cavalry
47:34 Scale Barding Armor
47:40 Forging
47:46 Chain Mail Armor
47:28 Bodkin Arrow
47:48 Leather Archer Armor
50:04 Ballistics
54:12 Chain Barding Armor
54:28 Iron Casting
53:54 Bracer
56:41 Conscription
56:14 Elite Serjeant
60:24 Cavalier
ArdillaAtomica
12:34 Feudal Age
13:10 Feudal Age
16:02 Horse Collar
16:51 Double-Bit Axe
18:53 Wheelbarrow
22:55 Castle Age
24:20 Stone Mining
24:23 Gold Mining
25:32 Bow Saw
26:07 Hand Cart
25:57 Heavy Plow
28:14 Murder Holes
31:51 Ballistics
33:28 Bloodlines
33:19 Husbandry
33:29 Loom
34:48 Scale Barding Armor
34:57 Forging
35:01 Caravan
41:53 Imperial Age
42:46 Elite Conquistador
43:48 Conscription
44:15 Supremacy
49:07 Chain Barding Armor
49:23 Iron Casting
48:38 Fletching
52:12 Plate Barding Armor
52:37 Blast Furnace
51:33 Bodkin Arrow
59:02 Chemistry
Kelsey
8:23 Loom
10:09 Feudal Age
15:07 Castle Age
13:20 Double-Bit Axe
13:39 Horse Collar
17:25 Wheelbarrow
17:14 Bow Saw
19:22 Heavy Plow
23:30 Gold Mining
24:45 Hand Cart
24:41 Fletching
27:47 Imperial Age
26:50 Forging
26:41 Scale Mail Armor
26:52 Stone Mining
27:20 Squires
27:07 Gambesons
27:30 Fletching
28:31 Iron Casting
28:53 Chain Mail Armor
29:43 Bodkin Arrow
29:20 Elite Varangian Guard
31:21 Two-Man Saw
30:43 Fortified Wall
33:23 Elite Hearth Troop
33:27 Shield Wall
33:33 Elite Hearth Troop
34:32 Caravan
35:03 Coinage
34:53 Guilds
36:13 Plate Mail Armor
35:58 Masonry
38:24 Banking
40:02 Bracer
40:04 Padded Archer Armor
40:48 Ballistics
41:29 Chemistry
40:35 Siege Engineers
40:25 Murder Holes
40:27 Onager
45:24 Conscription
50:58 Leather Archer Armor
51:15 Architecture
50:59 Thumb Ring
50:19 Crossbowman
50:21 Elite Skirmisher
51:50 Arbalester
54:16 Ring Archer Armor
Connection lost

Rejoining the realm…

Still unreachable

The connection could not be restored.

Session expired

The server has moved on; the page needs a fresh start.